 Dungeon Crawl Stone Soup version 0.29.0 (webtiles) character file.

Game seed: 11525152932304818851

763 porkupine the Trooper (level 7, -1/75 HPs)
             Began as an Ogre Air Elementalist on Sept 4, 2022.
             Was a Believer of Wu Jian.
             Slain by a scorpion (5 damage)
             ... on level 5 of the Dungeon.
             The game lasted 00:14:05 (5363 turns).

porkupine the Trooper (Ogre Air Elementalist)       Turns: 5363, Time: 00:14:05

Health: -1/75      AC:  3    Str: 13    XL:     7   Next: 81%
Magic:  5/14       EV: 10    Int: 18    God:    Wu Jian [**....]
Gold:   228        SH:  0    Dex: 15    Spells: 5/15 levels left

rFire   . . .      SeeInvis .   d - +0 mace (venom)
rCold   . . .      Faith    .   i - orb {light}
rNeg    . . .      Spirit   .   a - +0 robe
rPois   .          Reflect  .   (helmet restricted)
rElec   .          Harm     .   (no cloak)
rCorr   .          Rampage  .   (gloves unavailable)
Will    .....                   (boots unavailable)
Stlth   +.........              (no amulet)
HPRegen 0.22/turn               m - +6 ring of dexterity
MPRegen 0.14/turn               (no ring)

@: confused, lethally poisoned (-1 -> -11), ambrosia-drunk, very slightly
contaminated, glowing
A: large, unfitting armour, tough skin 1
a: Renounce Religion, Wall Jump


You were on level 5 of the Dungeon.
You worshipped Wu Jian.
Wu Jian was pleased with you.
You visited 1 branch of the dungeon, and saw 5 of its levels.

You collected 228 gold pieces.

Inventory:

Hand Weapons
 d - a +0 mace of venom (weapon)
Missiles
 f - 6 poisoned darts
Armour
 a - a +0 robe (worn)
 i - an orb of light (worn)
Jewellery
 m - a +6 ring of dexterity (left hand)
Wands
 o - a wand of paralysis (6)
Scrolls
 h - a scroll of teleportation
Potions
 b - a potion of magic
 c - 2 potions of mutation
 e - a potion of cancellation
 g - 2 potions of flight
 k - a potion of invisibility
 n - a potion of attraction {unknown}


   Skills:
 + Level 6.0 Fighting
 + Level 2.0 Maces & Flails
 - Level 2.0 Dodging
 - Level 2.0 Stealth
 + Level 4.8 Spellcasting
 - Level 1.0 Conjurations
 * Level 5.0 Air Magic


You had 5 spell levels left.
You knew the following spells:

 Your Spells              Type           Power      Damage    Failure   Level
a - Shock                 Conj/Air       60%        1d6       4%          1
b - Static Discharge      Conj/Air       15%        3-5/arc   6%          2
c - Swiftness             Air            22%        N/A       4%          3
d - Airstrike             Air            11%        2d(2-18)  17%         4

Your spell library contained the following spells:

 Spells                   Type           Power      Damage    Failure   Level


Dungeon Overview and Level Annotations

Branches:
Dungeon (5/15)
 Temple: D:4-7

Altars:
Wu Jian

Annotations:
D:2 exclusion: 2 downstairs


Innate Abilities, Weirdness & Mutations

You are too large for most types of armour.
You have tough skin. (AC +1)


Message History

You miscast Airstrike.
You are caught in an explosion of electrical discharges!
The scorpion stings you.
Unknown command.
Casting: Airstrike (dangerous; 17% risk of failure)
Confirm with . or Enter, or press ? or * to list all spells.
You miscast Static Discharge.
Nothing appears to happen.
The scorpion stings you.
You are poisoned.
The scorpion poisons you!
The iguana bites you but does no damage.
The scorpion stings you.
You barely miss the scorpion.
You feel very sick. The iguana misses you. The scorpion stings you.
The iguana bites you!
Unknown command.
You hit the scorpion but do no damage.
You feel sick. The scorpion closely misses you. The iguana misses you.
The scorpion stings you.
* * * LOW HITPOINT WARNING * * *
Unknown command.
You hit the scorpion but do no damage.
The scorpion is poisoned.
You feel sick. The iguana barely misses you. The scorpion stings you.
* * * LOW HITPOINT WARNING * * *
You are lethally poisoned!
The scorpion poisons you!
You feel better. The scorpion stings you.
* * * LOW HITPOINT WARNING * * *
You are poisoned.
The scorpion poisons you! The iguana bites you.
* * * LOW HITPOINT WARNING * * *
You are confused.
You feel invigorated.
You feel very sick. The scorpion stings you.
* * * LOW HITPOINT WARNING * * *
The iguana bites you!
* * * LOW HITPOINT WARNING * * *
The scorpion stings you.
You die...

#.#
#......###)######.###
##.####
#............# ... #
#.....#
#............##.#. #
####.##
#...............# +
#.#
#............##.## #
#<#
#............##....
### #[............#
+# #......########
#...@s.#
#######...l..#
#..[.........#######
#.######.###........
#.# #.####### #.# #.#
#.# #.# ... #.# ..#
#.#


You could see a scorpion (very poisoned) and an iguana.

Vanquished Creatures
  A water moccasin (D:5)
  An ogre (D:4)
  A phantom (D:4)
  A necrophage (D:5)
  A scorpion (D:5)
  A jelly (D:5)
  A howler monkey (D:5)
  An orc priest (D:3)
  Natasha (twice) (D:2)
  An orc wizard (D:3)
  2 iguanas
  6 adders
  A worm (D:2)
  3 dart slugs
  9 orcs
  2 ball pythons (D:2)
  7 bats
  6 endoplasms
  8 goblins
  10 hobgoblins
  3 jackals (D:1)
  5 kobolds
  3 quokkas
  3 frilled lizards
  5 rats
84 creatures vanquished.

Vanquished Creatures (others)
  4 toadstools (D:1)
4 creatures vanquished.

Grand Total: 88 creatures vanquished

Notes
Turn   | Place    | Note
-------+----------+-------------------------------------------
     0 | D:1      | porkupine the Ogre Air Elementalist began the quest for the
                  | Orb.
     0 | D:1      | Reached XP level 1. HP: 16/16 MP: 3/3
    49 | D:1      | Reached skill level 1 in Conjurations
   149 | D:1      | Reached XP level 2. HP: 26/26 MP: 2/5
   244 | D:1      | Reached skill level 1 in Fighting
   253 | D:1      | Learned a level 2 spell: Static Discharge
   477 | D:1      | Found a faded altar of an unknown god.
   486 | D:1      | Prayed at the altar of an unknown god.
   486 | D:1      | Became a worshipper of the Wu Jian Council
   486 | D:1      | Reached * piety under Wu Jian
   779 | D:1      | Reached XP level 3. HP: 32/35 MP: 0/7
  1448 | D:1      | Reached skill level 2 in Fighting
  1839 | D:2      | Reached XP level 4. HP: 42/44 MP: 2/8
  2037 | D:2      | Noticed Natasha
  2041 | D:2      | Killed Natasha
  2042 | D:2      | Reached skill level 3 in Fighting
  2046 | D:2      | Learned a level 3 spell: Swiftness
  2284 | D:2      | Noticed Natasha
  2444 | D:2      | Killed Natasha
  2445 | D:2      | Reached XP level 5. HP: 43/53 MP: 2/10
  2633 | D:3      | Reached ** piety under Wu Jian
  3016 | D:3      | Reached skill level 4 in Fighting
  3309 | D:4      | Noticed an ogre
  3317 | D:4      | Killed an ogre
  3318 | D:4      | Reached skill level 5 in Fighting
  3318 | D:4      | Reached XP level 6. HP: 62/66 MP: 2/12
  3465 | D:4      | Learned a level 4 spell: Airstrike
  4220 | D:4      | Reached skill level 1 in Maces & Flails
  4564 | D:5      | Entered Level 5 of the Dungeon
  4654 | D:5      | Reached XP level 7. HP: 62/72 MP: 2/13
  5188 | D:5      | Reached skill level 6 in Fighting
  5188 | D:5      | Reached skill level 5 in Air Magic
  5363 | D:5      | Slain by a scorpion

Illustrated notes

Levels and vault maps discovered:
D:1:      ldierk_walled_garden_2, layout_loops_ring,
          shapermc_ecumenical_altar_venn
D:2:      layout_basic, grunt_ministairs_12, uniq_natasha
D:3:      layout_rooms
D:4:      layout_basic, minmay_goblin_outpost
D:5:      layout_basic, minmay_temple_entry_glassed_door,
          chequers_serial_rivers_micro_e, grunt_ministairs_1

Skill      XL: |  1  2  3  4  5  6  7 |
---------------+----------------------+-----
Conjurations   | 1 |  1.0
Fighting       | 1 2 3 5 6 |  6.0
Dodging        | 2 |  2.0
Air Magic      | 3 4 5 |  5.0
Stealth        | 2 |  2.0
Spellcasting   | 3 4 |  4.8
Maces & Flails | 1 2 |  2.0

Action                   |  1- 3 |  4- 6 |  7- 9 || total
-------------------------+-------+-------+-------++-------
Melee: Mace              |     9 |    20 |     9 ||    38
 Cast: Shock             |    60 |    62 |    14 ||   136
       Static Discharge  |     4 |    27 |     5 ||    36
       Airstrike         |       |     2 |     2 ||     4
       Swiftness         |       |     1 |       ||     1
Invok: Lunge             |       |     2 |       ||     2
       Whirlwind         |       |     2 |       ||     2
  Use: Scroll            |     2 |     9 |     2 ||    13
       Potion            |       |       |     2 ||     2
 Stab: Sleeping          |     1 |       |       ||     1
Armor: Robe              |    10 |     7 |     3 ||    20
Dodge: Dodged            |     9 |    26 |     6 ||    41
